 Dungeon Crawl Stone Soup version 0.28-a0-1130-gc51a68064b (webtiles) character file.

Game seed: 12852640262281001030

8 Redcow54321 the Sneak (level 2, -3/14 HPs)
             Began as a Spriggan Earth Elementalist on Dec 13, 2021.
             Frozen to death by an endoplasm (5 damage)
             ... on level 1 of the Dungeon.
             The game lasted 00:01:39 (769 turns).

Redcow54321 the Sneak (Spriggan Earth Elementalist)  Turns: 769, Time: 00:01:40

Health: -3/14      AC:  2    Str:  4    XL:     2   Next: 0%
Magic:  6/6        EV: 17    Int: 16    God:
Gold:   5          SH:  0    Dex: 15    Spells: 5/6 levels left

rFire   . . .      SeeInvis +   (weapon restricted)
rCold   . . .      Faith    .   (shield restricted)
rNeg    . . .      Spirit   .   b - +0 robe
rPois   .          Reflect  .   (helmet restricted)
rElec   .          Harm     .   (no cloak)
rCorr   .          Rampage  .   (gloves unavailable)
Will    .....                   (boots unavailable)
Stlth   ++........              (no amulet)
HPRegen 0.04/turn               (no ring)
MPRegen 0.10/turn               (no ring)

@: very quick
A: very small, no large weapons, unfitting armour, see invisible, speed 3
a: no special abilities


You were on level 1 of the Dungeon.
You visited 1 branch of the dungeon, and saw 1 of its levels.

You collected 5 gold pieces.

Inventory:

Missiles
 c - 50 stones
Armour
 b - a +0 robe (worn)
Potions
 a - a potion of haste {unknown}
 d - 2 potions of heal wounds {unknown}


   Skills:
 * Level 1.3 Fighting
 - Level 2.6 Dodging
 - Level 3.0 Stealth
 - Level 2.6 Spellcasting
 - Level 1.3 Transmutations
 - Level 2.6 Earth Magic


You had 5 spell levels left.
You knew the following spells:

 Your Spells              Type           Power      Damage    Failure   Level
a - Sandblast             Erth           20%        2d7       6%          1

Your spell library contained the following spells:

 Spells                   Type           Power      Damage    Failure   Level
 Beastly Appendage        Tmut           12%        N/A       11%         1
 Passwall                 Tmut/Erth      6%         N/A       13%         2
 Wereblood                Tmut           6%         N/A       17%         2
 Stone Arrow              Conj/Erth      12%        3d7       32%         3
 Spider Form              Tmut/Pois      4%         N/A       41%         3
 Petrify                  Tmut/Erth      8%         N/A       63%         4


Dungeon Overview and Level Annotations

Branches:
Dungeon (1/15)

Altars:


Innate Abilities, Weirdness & Mutations

You are very small and have problems with some larger weapons.
You are too small for most types of armour.
You have supernaturally acute eyesight. (SInv)
You cover ground extremely quickly. (Speed+++)


Message History

You are frozen.
You barely miss the endoplasm.
The endoplasm is lightly wounded.
The endoplasm freezes you.
You are frozen.
You are too injured to fight recklessly!
The endoplasm completely misses you.
You hit the endoplasm.
The endoplasm is moderately wounded.
The endoplasm hits you.
You hit the endoplasm but do no damage.
The endoplasm is moderately wounded.
The endoplasm closely misses you.
You hit the endoplasm but do no damage.
The endoplasm is moderately wounded.
The endoplasm freezes you.
You are frozen.
* * * LOW HITPOINT WARNING * * *
You hit the endoplasm.
The endoplasm is heavily wounded.
The endoplasm barely misses you.
You hit the endoplasm but do no damage.
The endoplasm is heavily wounded.
The endoplasm barely misses you.
You hit the endoplasm.
The endoplasm is severely wounded.
The endoplasm freezes you.
You are frozen.
* * * LOW HITPOINT WARNING * * *
You hit the endoplasm but do no damage.
The endoplasm is severely wounded.
The endoplasm closely misses you.
You hit the endoplasm but do no damage.
The endoplasm is severely wounded.
The endoplasm misses you.
You hit the endoplasm.
The endoplasm is almost dead.
The endoplasm freezes you.
You are frozen.
You die...

...#### #....# ##....##########
#....# .'.............# #....#
##....########.# #....# #
.............#.# #....# ##
##.......# #.#.# #....# #.
.......#.###.#.###....## ##.
.###.>.......).........# #..
.......#.....#.#@J.....# ##..
####...#######.....###.# #...
..........## #.....# #.## +...
.#####.##... #.....# #.[# #...
†#........#..................##..
.#........###...#...###..#.####..
.#........# ####..... ##.# # ##.
.#........# #...... .. #.
.#........# #. #.. ##


You could see an endoplasm.

Vanquished Creatures
  2 ball pythons (D:1)
  A bat (D:1)
  2 goblins (D:1)
  A hobgoblin (D:1)
6 creatures vanquished.

Notes
Turn   | Place    | Note
-------+----------+-------------------------------------------
     0 | D:1      | Redcow54321 the Spriggan Earth Elementalist began the quest
                  | for the Orb.
     0 | D:1      | Reached XP level 1. HP: 9/9 MP: 5/5
   384 | D:1      | Reached skill level 1 in Fighting
   586 | D:1      | Reached XP level 2. HP: 8/14 MP: 6/6
   769 | D:1      | Frozen to death by an endoplasm

Illustrated notes

Levels and vault maps discovered:
D:1:      evilmike_arrival_crescent, layout_basic, minivault_27, minivault_14,
          hex_large, glass_columns_c

Skill      XL: |  1 |
---------------+----+-----
Fighting       | 1 |  1.3
Dodging        | |  2.6
Stealth        | |  3.0
Spellcasting   | |  2.6
Transmutations | |  1.3
Earth Magic    | |  2.6

Action                   || total
-------------------------++-------
Melee: Unarmed           ||    78
 Stab: Sleeping          ||     4
Armor: Robe              ||     8
Dodge: Dodged            ||    79

Table legend: (Time is in decaauts)
 A = Elapsed time spent in this place.
 B = Non-inter-level travel time spent in this place.
 C = Inter-level travel time spent in this place.
 D = Time resting spent in this place.
 E = Time spent auto-exploring this place.
 F = Levels seen in this place.
 G = Mean time per level.
                   A        B        C        D        E       F      G
               +--------+--------+--------+--------+--------+-----+--------+
         Total |    683 |    683 |      0 |      0 |    564 |   1 |  683.0 |
       Dungeon |    683 |    683 |      0 |      0 |    564 |   1 |  683.0 |
               +--------+--------+--------+--------+--------+-----+--------+

Top non-repeatable levels by time:
     D:1: 683 daAuts
